Map: Site Delta LE

Players

Ashourals

  • Race: Protoss Protoss
  • Spawn Location: 5:00

Subwayeatn - Winner!

  • Race: Zerg Zerg
  • League: Platinum
  • Spawn Location: 11:00

VOD

Have the link to the VOD?

Description

Time

  • Played on: Nov. 9, 2023, 5:41 p.m.
  • Length: 14:08
Show
View Real Time Build Order
Export as new Build Order

Ashourals Protoss 

Build Orders:  

Get SALT Encoding   

  12  0:21  Pylon  
  12  0:42  Forge  
  12  0:51  Pylon  
  12  0:52  Pylon  
  11  1:37  Pylon  
  11  1:41  Photon Cannon  
  11  1:44  Photon Cannon  
  11  1:51  Pylon  
  11  1:59  Pylon  
  11  2:16  Gateway  
  11  2:26  Photon Cannon  
  11  2:42  Photon Cannon  
  11  2:59  Photon Cannon  
  11  3:04  Photon Cannon  
  13  3:12  Zealot  
  13  3:40  Cybernetics Core  
  13  4:09  Photon Cannon  
  13  4:18  Photon Cannon  
  13  4:41  Photon Cannon  
  13  4:56  Pylon  
  13  5:04  Probe  
  14  5:07  Assimilator  
  14  5:16  Probe  
  14  5:17  Photon Cannon  
  15  5:27  Photon Cannon  
  15  5:38  Photon Cannon  
  15  5:42  Pylon  
  15  5:57  Probe  
  16  6:10  Probe  
  17  6:17  Pylon  
  17  6:22  Probe  
  18  6:28  Pylon  
  18  6:42  Photon Cannon  
  18  6:46  Photon Cannon  
  18  7:27  Robotics Facility  
  18  7:43  Photon Cannon  
  18  7:53  Photon Cannon  
  18  7:57  Photon Cannon  
  18  8:05  Photon Cannon  
  18  8:13  Photon Cannon  
  18  8:20  Pylon  
  18  8:33  Pylon  
  18  8:41  Photon Cannon  
  18  8:49  Photon Cannon  
  18  9:01  Photon Cannon  
  18  9:19  Probe  
  19  9:31  Probe  
  22  9:41  Warp Prism  
  22  10:09  Stargate  
  22  10:34  Photon Cannon  
  17  11:43  Oracle  
  20  12:16  Photon Cannon  
  20  12:20  Oracle  
  23  12:25  Photon Cannon  
  20  12:55  Photon Cannon  
  20  12:57  Oracle  
  23  13:01  Photon Cannon  
  23  13:35  Photon Cannon  
Show
View Real Time Build Order
Export as new Build Order

Subwayeatn Zerg - Winner!

Build Orders: Hatch First, Lurkers, Swarm Host 

Get SALT Encoding   

  12  0:00  Drone  
  13  0:13  Overlord  
  13  0:17  Drone  
  14  0:31  Drone x2  
  16  0:49  Hatchery  
  15  1:10  Spawning Pool  
  14  1:35  Extractor, Drone  
  14  1:36  Drone x2  
  16  1:47  Drone  
  17  2:00  Queen  
  19  2:01  Queen  
  19  2:05  Zergling x2  
  19  2:06  Zergling x2  
  23  2:12  Drone  
  23  2:13  Drone  
  25  2:19  Drone  
  26  2:32  Overlord  
  26  2:37  Drone x2  
  26  2:40  Metabolic Boost  
  28  2:49  Queen  
  30  2:52  Drone  
  31  3:12  Drone x5  
  36  3:14  Overlord  
  36  3:16  Overlord  
  36  3:33  Zergling x2  
  37  3:39  Hatchery  
  36  3:44  Drone x4  
  40  3:52  Queen x2  
  44  3:56  Overlord  
  44  4:00  Drone x3  
  47  4:07  Drone x2  
  49  4:14  Drone x3  
  49  4:15  Extractor, Drone x2  
  49  4:16  Drone  
  54  4:23  Extractor  
  53  4:25  Extractor  
  53  4:28  Queen  
  54  4:47  Drone x2  
  54  4:48  Roach Warren  
  55  4:57  Overlord  
  55  5:00  Evolution Chamber  
  55  5:01  Drone x5, Evolution Chamber  
  55  5:02  Drone x3  
  55  5:07  Queen  
  63  5:18  Drone x3  
  63  5:19  Drone x3  
  69  5:21  Lair  
  69  5:26  Drone x3  
  72  5:31  Overlord x2  
  72  5:39  Zerg Missile Weapons Level 1  
  72  5:40  Zerg Melee Weapons Level 1  
  72  5:42  Drone x2  
  74  5:44  Overlord  
  74  5:46  Overlord  
  74  5:51  Drone  
  74  5:52  Drone x2  
  77  5:57  Drone x2  
  77  5:58  Drone  
  77  6:00  Drone x3  
  83  6:15  Drone  
  83  6:16  Drone  
  85  6:18  Extractor  
  85  6:19  Extractor  
  85  6:22  Extractor x2, Hatchery  
  80  6:31  Pneumatized Carapace  
  80  6:34  Burrow  
  80  6:41  Drone x2, Infestation Pit  
  80  6:44  Hydralisk Den  
  80  6:49  Drone x3  
  80  6:50  Drone x3  
  80  6:51  Overlord  
  80  6:52  Overlord  
  86  7:01  Drone x9  
  95  7:14  Zergling x2  
  96  7:16  Grooved Spines  
  96  7:19  Drone  
  97  7:22  Lurker Den  
  97  7:24  Hive  
  97  7:27  Drone  
  97  7:28  Drone x8  
  105  7:31  Overlord  
  105  7:40  Spire  
  104  7:44  Baneling Nest  
  104  7:49  Zerg Melee Weapons Level 2, Zerg Missile Weapons Level 2  
  103  7:59  Queen  
  103  8:03  Overseer  
  105  8:06  Muscular Augments  
  105  8:07  Hydralisk  
  105  8:08  Hydralisk x10  
  105  8:11  Overlord x2  
  105  8:12  Overlord x5  
  127  8:15  Overseer  
  127  8:26  Hydralisk x4  
  129  8:29  Overlord x3  
  129  8:30  Overlord x4  
  129  8:31  Centrifugal Hooks  
  135  8:35  Ultralisk Cavern  
  134  8:47  Viper  
  137  8:52  Viper  
  140  8:55  Zergling x2  
  140  8:56  Zergling x14  
  148  9:03  Seismic Spines  
  148  9:10  Hatchery  
  148  9:15  Viper  
  150  9:23  Overlord  
  150  9:31  Extractor  
  150  9:35  Extractor  
  150  9:37  Hydralisk x10  
  168  9:41  Lurker  
  168  9:45  Lurker  
  170  9:48  Drone x2  
  170  9:49  Drone  
  170  9:50  Drone x3  
  176  9:59  Lurker x3  
  179  10:00  Adaptive Talons  
  179  10:04  Lurker  
  180  10:20  Lurker  
  180  10:21  Lurker x2  
  183  10:26  Hydralisk x4  
  191  10:34  Queen  
  193  10:53  Roach  
  193  10:54  Roach x2  
  193  10:56  Zergling x2  
  156  11:43  Ultralisk  
  156  11:44  Ultralisk x6  
  196  11:51  Zergling x2  
  196  11:52  Zergling x6  
  179  12:46  Swarm Host x7  
Tags
 
League
Platinum
Matchup
PvZ
Spawn Locations
Cross Positions
Add a new tag
Caveats
  • Supply blocks, unpowered buildings, or Contaminate may cause inaccurate times.
  • Supply counts are checked every 10 seconds.